Senateurs vs Avalanche
(R1)
Created - January 26, 2019 at 19:19
Goals
|
Senateurs |
1 |
0 |
3 |
4 |
Avalanche |
1 |
1 |
4 |
6 |
|
Shots
|
Senateurs |
11 |
4 |
12 |
27 |
Avalanche |
11 |
11 |
12 |
34 |
|
1st period
1. Avalanche , Andrei Kostitsyn 19 (Paul Stastny 29, Jack Johnson 20) at 17:26 (PP)
2. Senateurs , Evgeni Malkin 21 (Marian Hossa 14) at 19:15
Penalties :
Vladimir Mihalik (Ott) for Tripping (Minor) at 6:57, Dan Boyle (Col) for Roughing (Minor) at 7:04, Evgeni Malkin (Ott) for Tripping (Minor) at 16:50
2nd period
3. Avalanche , Paul Stastny 12 (Alexander Radulov 18, Andrei Kostitsyn 22) at 7:08 (PP)
Penalties :
Dan Hamhuis (Ott) for Hooking (Minor) at 0:23, Daniel Briere (Ott) for Hooking (Minor) at 3:43, Thomas Vanek (Ott) for Holding (Minor) at 6:24, Johnny Boychuk (Col) for High sticking (Minor) at 13:56
3rd period
4. Avalanche , Andrew Ladd 7 (Chuck Kobasew 3, Johnny Boychuk 7) at 4:27
5. Senateurs , Evgeni Malkin 22 (Marian Hossa 15) at 11:36
6. Senateurs , Daniel Briere 13 (Colby Armstrong 10) at 12:09
7. Senateurs , Thomas Vanek 16 (Evgeni Malkin 32, Marian Hossa 16) at 13:28 (PP)
8. Avalanche , Mattias Ekholm 1 (Damien Brunner 5, Jack Johnson 21) at 15:38
9. Avalanche , Bryan Little 21 (Mikkel Boedker 29) at 16:46
10. Avalanche , Patric Hornqvist 22 (Bryan Little 31, Dan Boyle 7) at 19:41 (Empty Net)
Penalties :
Daniel Briere (Ott) for Hooking (Minor) at 0:20, Patric Hornqvist (Col) for Hooking (Minor) at 7:17, Jack Johnson (Col) for Goalie Interference (Minor) at 13:08
Goalie Stats
Ondrej Pavelec (Ott), 28 saves from 33 shots - (0.848), L, 15-16-2, 59:18 minutes
Semyon Varlamov (Col), 23 saves from 27 shots - (0.852), W, 14-16-1, 60:00 minutes
Players Stats for Senateurs
Player Name G A P +/- PIM S H SB GA TA FO MP PP MP PK MP
------------------------------------------------------------------------------------
Arturs Kulda 0 0 0 0 0 0 0 0 0 0 0/0 3:38 0:00 0:00
Brandon Dubinsky 0 0 0 -1 0 0 1 0 0 0 2/5 7:54 0:05 1:53
Brooks Orpik 0 0 0 0 0 0 0 2 0 0 0/0 10:41 0:07 0:54
Carlo Colaiacovo 0 0 0 0 0 0 0 2 0 1 0/0 8:40 0:00 0:00
Chris Kunitz 0 0 0 -2 0 2 1 0 0 0 0/2 15:29 0:00 2:46
Cody Franson 0 0 0 -3 0 2 1 2 1 2 0/0 27:44 2:30 4:56
Cody Hodgson 0 0 0 -2 0 2 1 0 0 0 4/9 13:53 0:05 0:00
Colby Armstrong 0 1 1 0 0 0 0 0 0 0 0/0 13:56 1:54 0:00
Dan Hamhuis 0 0 0 -3 2 2 2 2 0 1 0/0 26:15 2:30 3:28
Daniel Briere 1 0 1 0 4 1 2 0 0 1 6/11 19:12 1:54 2:15
Evgeni Malkin 2 1 3 1 2 9 4 1 1 0 17/39 25:39 2:19 3:37
Ian Cole 0 0 0 0 0 0 1 0 0 0 0/0 4:35 0:00 0:34
Karl Alzner 0 0 0 2 0 1 2 5 0 0 0/0 20:28 1:55 2:28
Marc-André Bernier 0 0 0 -1 0 0 0 1 0 0 1/1 12:28 0:05 0:00
Marian Hossa 0 3 3 1 0 2 1 3 1 0 1/1 22:28 2:26 1:16
Sergei Kostitsyn 0 0 0 0 0 0 0 1 0 0 0/1 15:40 1:54 1:47
Thomas Vanek 1 0 1 1 2 6 1 0 0 0 0/0 22:26 2:26 1:14
Vladimir Mihalik 0 0 0 2 2 0 1 4 1 1 0/0 19:32 1:55 2:28
Players Stats for Avalanche
Player Name G A P +/- PIM S H SB GA TA FO MP PP MP PK MP
------------------------------------------------------------------------------------
Alexander Radulov 0 1 1 0 0 2 2 1 0 0 1/2 16:06 3:21 0:00
Andrei Kostitsyn 1 1 2 -1 0 5 2 0 0 0 0/0 16:58 3:21 0:43
Andrew Ladd 1 0 1 0 0 5 0 1 0 0 3/4 15:49 0:04 2:34
Bryan Little 1 1 2 2 0 7 1 0 0 1 13/26 18:06 4:00 0:00
Chuck Kobasew 0 1 1 0 0 0 3 1 0 0 0/0 15:16 0:03 2:34
Damien Brunner 0 1 1 0 0 0 3 0 0 0 0/2 8:33 0:00 0:31
Dan Boyle 0 1 1 2 2 0 1 0 0 1 0/0 21:48 4:56 1:09
Jack Johnson 0 2 2 0 2 3 2 1 1 0 0/0 27:45 4:57 2:20
Johnny Boychuk 0 1 1 1 2 2 0 2 0 0 0/0 15:47 0:00 0:29
Kyle Turris 0 0 0 0 0 0 2 0 0 0 2/3 7:48 0:00 0:12
Marc Staal 0 0 0 0 0 1 0 2 0 1 0/0 19:03 2:27 2:47
Mattias Ekholm 1 0 1 -1 0 1 1 0 0 0 0/0 11:44 0:00 0:00
Maxim Talbot 0 0 0 0 0 1 1 0 0 0 6/10 12:27 0:00 1:06
Mikkel Boedker 0 1 1 1 0 1 0 0 2 0 0/0 18:16 4:02 0:02
Patric Hornqvist 1 0 1 2 2 2 5 0 2 0 3/4 19:02 4:00 0:02
Paul Stastny 1 1 2 -1 0 2 1 0 1 1 10/18 16:27 3:21 1:06
Pernell Karl Subban 0 0 0 0 0 1 0 1 0 0 0/0 25:08 2:27 2:05
Zach Boychuk 0 0 0 0 0 1 0 0 0 0 0/0 7:36 0:00 0:00
3 Stars
1 - Evgeni Malkin (Ott)
2 - Bryan Little (Col)
3 - Patric Hornqvist (Col)
Power Play
Senateurs - 1 on 4 Attempt(s) - 25.00%
Avalanche - 2 on 6 Attempt(s) - 33.33%
Penalty Kill
Senateurs - 4 on 6 Attempt(s) - 66.67%
- Score 0 goal in Penalty Kill
Avalanche - 3 on 4 Attempt(s) - 75.00%
- Score 0 goal in Penalty Kill
Team Stat
Senateurs - Hits : 18 - Faceoff Wins : 31 - Blocked Shots : 23 - Penalty Minutes : 12
Avalanche - Hits : 24 - Faceoff Wins : 38 - Blocked Shots : 9 - Penalty Minutes : 8
Official
Referees : Unknown
Linesman : Unknown
Game Notes
Patric Hornqvist has scored in a empty net!
Finance
Level 1 -- Attendance: 6000 (100.00%) -- Ticket Income $534,000
Level 2 -- Attendance: 4837 (96.74%) -- Ticket Income $266,035
Level 3 -- Attendance: 1821 (91.05%) -- Ticket Income $60,093
Level 4 -- Attendance: 3912 (97.80%) -- Ticket Income $89,976
Luxury Box -- Attendance: 772 (77.20%) -- Ticket Income $132,784
Game was played at the Pepsi Center.
Total Attendance: 17342 (96.34%)
Total Ticket Income: $1,082,888
Other Income: $162,433
Total Income: $1,245,321
Senateurs
5 vs 5 Forward
Center Left Wing Right Wing Time % Phy DF OF
1 Evgeni Malkin Thomas Vanek Marian Hossa 40 1 2 2
2 Daniel Briere Sergei Kostitsyn Colby Armstrong 30 1 2 2
3 Cody Hodgson Chris Kunitz Marc-André Bernier 20 1 2 2
4 Brandon Dubinsky Evgeni Malkin Daniel Briere 10 1 2 2
5 vs 5 Defense
Defense Defense Time % Phy DF OF
1 Dan Hamhuis Cody Franson 40 1 2 2
2 Karl Alzner Vladimir Mihalik 30 1 2 2
3 Carlo Colaiacovo Brooks Orpik 20 1 2 2
4 Ian Cole Arturs Kulda 10 1 2 2
PowerPlay Forward
Center Left Wing Right Wing Time % Phy DF OF
1 Evgeni Malkin Thomas Vanek Marian Hossa 60 1 2 2
2 Daniel Briere Sergei Kostitsyn Colby Armstrong 40 1 2 2
PowerPlay Defense
Defense Defense Time % Phy DF OF
1 Dan Hamhuis Cody Franson 60 1 2 2
2 Karl Alzner Vladimir Mihalik 40 1 2 2
Penalty Kill 4 Players Forward
Center Wing Time % Phy DF OF
1 Evgeni Malkin Daniel Briere 60 1 2 2
2 Thomas Vanek Marian Hossa 40 1 2 2
Penalty Kill 4 Players Defense
Defense Defense Time % Phy DF OF
1 Dan Hamhuis Cody Franson 60 1 2 2
2 Karl Alzner Vladimir Mihalik 40 1 2 2
Penalty Kill - 3 Players Forward
Forward Time % Phy DF OF
1 Evgeni Malkin 60 1 2 2
2 Daniel Briere 40 1 2 2
Penalty Kill - 3 Players Defense
Defense Defense Time % Phy DF OF
1 Dan Hamhuis Cody Franson 60 1 2 2
2 Karl Alzner Vladimir Mihalik 40 1 2 2
4 vs 4 Forward
Center Wing Time % Phy DF OF
1 Evgeni Malkin Daniel Briere 60 1 2 2
2 Thomas Vanek Marian Hossa 40 1 2 2
4 vs 4 Defense
Defense Defense Time % Phy DF OF
1 Dan Hamhuis Cody Franson 60 1 2 2
2 Karl Alzner Vladimir Mihalik 40 1 2 2
Last Minutes Offensive
Center Left Wing Right Wing Defense Defense
Evgeni Malkin Thomas Vanek Marian Hossa Dan Hamhuis Cody Franson
Last Minutes Defensive
Center Left Wing Right Wing Defense Defense
Evgeni Malkin Thomas Vanek Marian Hossa Dan Hamhuis Cody Franson
Goaltenders
Starting : Ondrej Pavelec
Backup : Jeff Deslauriers
Extra Forwards
Normal : Cody Hodgson, Brandon Dubinsky, Chris Kunitz - PP : Cody Hodgson, Brandon Dubinsky - PK : Chris Kunitz
Extra Defensemen
Normal : Carlo Colaiacovo, Brooks Orpik, Ian Cole - PP : Carlo Colaiacovo - PK : Brooks Orpik, Ian Cole
Penalty Shots
Evgeni Malkin, Daniel Briere, Thomas Vanek, Marian Hossa, Colby Armstrong
Scratches
Brenden Morrow (Right Ankle Injury), Radim Vrbata (Sports Hernia Injury)
Avalanche
5 vs 5 Forward
Center Left Wing Right Wing Time % Phy DF OF
1 Bryan Little Mikkel Boedker Patric Hornqvist 35 1 2 2
2 Paul Stastny Andrei Kostitsyn Alexander Radulov 30 1 2 2
3 Maxim Talbot Andrew Ladd Chuck Kobasew 20 1 2 2
4 Kyle Turris Zach Boychuk Damien Brunner 15 1 2 2
5 vs 5 Defense
Defense Defense Time % Phy DF OF
1 Pernell Karl Subban Jack Johnson 40 1 2 2
2 Marc Staal Mattias Ekholm 30 1 2 2
3 Johnny Boychuk Dan Boyle 30 1 2 2
4 Marc Staal Pernell Karl Subban 0 1 2 2
PowerPlay Forward
Center Left Wing Right Wing Time % Phy DF OF
1 Bryan Little Mikkel Boedker Patric Hornqvist 60 1 2 2
2 Paul Stastny Andrei Kostitsyn Alexander Radulov 40 1 2 2
PowerPlay Defense
Defense Defense Time % Phy DF OF
1 Dan Boyle Jack Johnson 60 1 2 2
2 Pernell Karl Subban Marc Staal 40 1 2 2
Penalty Kill 4 Players Forward
Center Wing Time % Phy DF OF
1 Andrew Ladd Chuck Kobasew 60 1 2 2
2 Paul Stastny Maxim Talbot 40 1 2 2
Penalty Kill 4 Players Defense
Defense Defense Time % Phy DF OF
1 Jack Johnson Marc Staal 60 1 2 2
2 Pernell Karl Subban Johnny Boychuk 40 1 2 2
Penalty Kill - 3 Players Forward
Forward Time % Phy DF OF
1 Chuck Kobasew 60 1 2 2
2 Andrew Ladd 40 1 2 2
Penalty Kill - 3 Players Defense
Defense Defense Time % Phy DF OF
1 Marc Staal Jack Johnson 60 1 2 2
2 Pernell Karl Subban Johnny Boychuk 40 1 2 2
4 vs 4 Forward
Center Wing Time % Phy DF OF
1 Patric Hornqvist Mikkel Boedker 60 1 2 2
2 Bryan Little Andrei Kostitsyn 40 1 2 2
4 vs 4 Defense
Defense Defense Time % Phy DF OF
1 Marc Staal Pernell Karl Subban 60 1 2 2
2 Jack Johnson Johnny Boychuk 40 1 2 2
Last Minutes Offensive
Center Left Wing Right Wing Defense Defense
Bryan Little Mikkel Boedker Patric Hornqvist Marc Staal Jack Johnson
Last Minutes Defensive
Center Left Wing Right Wing Defense Defense
Bryan Little Andrew Ladd Chuck Kobasew Marc Staal Jack Johnson
Goaltenders
Starting : Semyon Varlamov
Backup : Roberto Luongo
Extra Forwards
Normal : Andrew Ladd, Alexander Radulov, Maxim Talbot - PP : Andrew Ladd, Alexander Radulov - PK : Damien Brunner
Extra Defensemen
Normal : Marc Staal, Dan Boyle, Pernell Karl Subban - PP : Mattias Ekholm - PK : Jack Johnson, Pernell Karl Subban
Penalty Shots
Mikkel Boedker, Patric Hornqvist, Paul Stastny, Bryan Little, Andrei Kostitsyn
Scratches
Matt Irwin (Healthy)
% Time on Ice - Senateurs
Lines # - Real PCT - Wanted PCT - Time Play
Normal Forward
1 - 39% - 40% - 18:05
2 - 28% - 30% - 12:48
3 - 26% - 20% - 12:09
4 - 6% - 10% - 2:59
Normal Defense
1 - 41% - 40% - 19:03
2 - 33% - 30% - 15:10
3 - 18% - 20% - 8:10
4 - 8% - 10% - 3:38
PP Forward
1 - 54% - 60% - 2:24
2 - 46% - 40% - 2:01
PP Defense
1 - 57% - 60% - 2:30
2 - 43% - 40% - 1:55
PK Forward
1 - 83% - 60% - 6:08
2 - 17% - 40% - 1:16
PK Defense
1 - 67% - 60% - 4:56
2 - 33% - 40% - 2:28
PK3 Forward
1 - 0% - 60%
2 - 0% - 40%
PK3 Defense
1 - 0% - 60%
2 - 0% - 40%
44 Forward
1 - 69% - 60% - 1:17
2 - 31% - 40% - 0:35
44 Defense
1 - 51% - 60% - 0:57
2 - 49% - 40% - 0:55
Last Minute Offensive - 0:18
Last Minute Defensive - 0:00
Total
Forward - 60:00
Defense - 60:00
|
% Time on Ice - Avalanche
Lines # - Real PCT - Wanted PCT - Time Play
Normal Forward
1 - 33% - 35% - 15:04
2 - 26% - 30% - 12:00
3 - 25% - 20% - 11:21
4 - 17% - 15% - 7:36
Normal Defense
1 - 44% - 40% - 20:18
2 - 28% - 30% - 12:56
3 - 27% - 30% - 12:39
4 - 0% - 0% - 0:08
PP Forward
1 - 55% - 60% - 4:03
2 - 45% - 40% - 3:21
PP Defense
1 - 67% - 60% - 4:57
2 - 33% - 40% - 2:27
PK Forward
1 - 75% - 60% - 3:19
2 - 25% - 40% - 1:06
PK Defense
1 - 63% - 60% - 2:47
2 - 37% - 40% - 1:38
PK3 Forward
1 - 0% - 60%
2 - 0% - 40%
PK3 Defense
1 - 0% - 60%
2 - 0% - 40%
44 Forward
1 - 75% - 60% - 1:24
2 - 25% - 40% - 0:28
44 Defense
1 - 52% - 60% - 0:58
2 - 48% - 40% - 0:54
Last Minute Offensive - 0:00
Last Minute Defensive - 0:18
Total
Forward - 60:00
Defense - 60:00
|
Play-by-Play
1st period
0:01 of 1st period - Evgeni Malkin wins face-off versus Patric Hornqvist in neutral zone.
0:22 of 1st period - Icing by Patric Hornqvist.
0:23 of 1st period - Bryan Little wins face-off versus Daniel Briere in Avalanche zone.
0:48 of 1st period - Vladimir Mihalik is hit by Chuck Kobasew and loses puck.
1:39 of 1st period - Snap shot by Sergei Kostitsyn.
1:39 of 1st period - Shot Misses the Net.
1:51 of 1st period - Snap shot by Paul Stastny.
1:51 of 1st period - Shot Blocked by Carlo Colaiacovo.
1:59 of 1st period - Snap shot by Andrei Kostitsyn.
1:59 of 1st period - Shot Misses the Net.
2:17 of 1st period - Wrist shot by Maxim Talbot.
2:17 of 1st period - Shot Misses the Net.
2:23 of 1st period - Snap shot by Marc-André Bernier.
2:23 of 1st period - Shot Blocked by Johnny Boychuk.
3:27 of 1st period - Kyle Turris is hit by Evgeni Malkin and loses puck.
4:04 of 1st period - Arturs Kulda is hit by Mattias Ekholm and loses puck.
4:13 of 1st period - Dan Boyle is hit by Ian Cole and loses puck.
4:40 of 1st period - Snap shot by Andrew Ladd.
4:40 of 1st period - Shot Blocked by Vladimir Mihalik.
4:42 of 1st period - Snap shot by Chuck Kobasew.
4:42 of 1st period - Shot Misses the Net.
5:20 of 1st period - Evgeni Malkin is hit by Alexander Radulov and loses puck.
6:18 of 1st period - Snap shot by Patric Hornqvist.
6:18 of 1st period - Stopped by Ondrej Pavelec with a rebound.
6:20 of 1st period - Slapshot by Marc Staal.
6:20 of 1st period - Shot Blocked by Cody Franson.
6:22 of 1st period - Wrist shot by Patric Hornqvist.
6:22 of 1st period - Shot Misses the Net.
6:39 of 1st period - Icing by Kyle Turris.
6:40 of 1st period - Kyle Turris wins face-off versus Brandon Dubinsky in Avalanche zone.
6:40 of 1st period - Kyle Turris is hit by Brandon Dubinsky.
6:55 of 1st period - Wrist shot by Kyle Turris.
6:55 of 1st period - Shot Blocked by Karl Alzner.
6:57 of 1st period - Minor Penalty to Vladimir Mihalik for Tripping.
6:58 of 1st period - Evgeni Malkin wins face-off versus Bryan Little in Senateurs zone.
6:58 of 1st period - Evgeni Malkin is hit by Bryan Little.
7:04 of 1st period - Minor Penalty to Dan Boyle for Roughing.
7:05 of 1st period - Patric Hornqvist wins face-off versus Evgeni Malkin in Avalanche zone.
7:48 of 1st period - Wrist shot by Andrei Kostitsyn.
7:48 of 1st period - Shot Misses the Net.
7:50 of 1st period - Slapshot by Johnny Boychuk.
7:50 of 1st period - Stopped by Ondrej Pavelec with a rebound.
7:52 of 1st period - Slapshot by Jack Johnson.
7:52 of 1st period - Stopped by Ondrej Pavelec with a rebound.
8:36 of 1st period - Wrist shot by Brandon Dubinsky.
8:36 of 1st period - Shot Blocked by Alexander Radulov.
8:57 of 1st period - Penalty to Vladimir Mihalik is over, Vladimir Mihalik is back on ice.
9:04 of 1st period - Penalty to Dan Boyle is over, Dan Boyle is back on ice.
9:46 of 1st period - Snap shot by Marian Hossa.
9:46 of 1st period - Shot Misses the Net.
9:48 of 1st period - Snap shot by Thomas Vanek.
9:48 of 1st period - Shot Misses the Net.
9:50 of 1st period - Wrist shot by Marian Hossa.
9:50 of 1st period - Stopped by Semyon Varlamov without a rebound.
9:51 of 1st period - Paul Stastny wins face-off versus Brandon Dubinsky in Avalanche zone.
9:51 of 1st period - Paul Stastny is hit by Daniel Briere.
10:10 of 1st period - Evgeni Malkin is hit by Andrei Kostitsyn and loses puck.
10:25 of 1st period - Chris Kunitz is hit by Patric Hornqvist and loses puck.
10:58 of 1st period - Off-side.
10:59 of 1st period - Cody Hodgson wins face-off versus Alexander Radulov in neutral zone.
11:06 of 1st period - Andrei Kostitsyn is hit by Cody Hodgson and loses puck.
11:22 of 1st period - Thomas Vanek is hit by Jack Johnson and loses puck.
11:45 of 1st period - Wrist shot by Maxim Talbot.
11:45 of 1st period - Stopped by Ondrej Pavelec with a rebound.
11:47 of 1st period - Slapshot by Jack Johnson.
11:47 of 1st period - Shot Blocked by Brooks Orpik.
11:49 of 1st period - Slapshot by Andrew Ladd.
11:49 of 1st period - Stopped by Ondrej Pavelec without a rebound.
11:50 of 1st period - Alexander Radulov wins face-off versus Cody Hodgson in Senateurs zone.
12:03 of 1st period - Slapshot by Chris Kunitz.
12:03 of 1st period - Stopped by Semyon Varlamov without a rebound.
12:04 of 1st period - Paul Stastny wins face-off versus Evgeni Malkin in Avalanche zone.
12:17 of 1st period - Snap shot by Andrei Kostitsyn.
12:17 of 1st period - Stopped by Ondrej Pavelec without a rebound.
12:18 of 1st period - Evgeni Malkin wins face-off versus Bryan Little in Senateurs zone.
12:43 of 1st period - Cody Franson is hit by Paul Stastny and loses puck.
12:51 of 1st period - Off-side.
12:52 of 1st period - Maxim Talbot wins face-off versus Evgeni Malkin in neutral zone.
13:08 of 1st period - Slapshot by Andrew Ladd.
13:08 of 1st period - Shot Misses the Net.
13:32 of 1st period - Slapshot by Mikkel Boedker.
13:32 of 1st period - Shot Blocked by Vladimir Mihalik.
13:52 of 1st period - Snap shot by Chris Kunitz.
13:52 of 1st period - Shot Misses the Net.
14:04 of 1st period - Marian Hossa is hit by Damien Brunner and loses puck.
14:11 of 1st period - Slapshot by Zach Boychuk.
14:11 of 1st period - Shot Blocked by Marian Hossa.
14:15 of 1st period - Snap shot by Damien Brunner.
14:15 of 1st period - Shot Blocked by Dan Hamhuis.
14:47 of 1st period - Mikkel Boedker is hit by Cody Franson and loses puck.
15:43 of 1st period - Snap shot by Andrei Kostitsyn.
15:43 of 1st period - Stopped by Ondrej Pavelec with a rebound.
15:45 of 1st period - Slapshot by Pernell Karl Subban.
15:45 of 1st period - Stopped by Ondrej Pavelec without a rebound.
15:46 of 1st period - Brandon Dubinsky wins face-off versus Paul Stastny in Senateurs zone.
15:55 of 1st period - Marc Staal is hit by Karl Alzner and loses puck.
16:05 of 1st period - Off-side.
16:06 of 1st period - Cody Hodgson wins face-off versus Bryan Little in neutral zone.
16:22 of 1st period - Snap shot by Cody Hodgson.
16:22 of 1st period - Stopped by Semyon Varlamov without a rebound.
16:23 of 1st period - Paul Stastny wins face-off versus Evgeni Malkin in Avalanche zone.
16:23 of 1st period - Paul Stastny is hit by Evgeni Malkin.
16:26 of 1st period - Icing by Andrei Kostitsyn.
16:27 of 1st period - Evgeni Malkin wins face-off versus Paul Stastny in Avalanche zone.
16:28 of 1st period - Snap shot by Marian Hossa.
16:28 of 1st period - Shot Misses the Net.
16:30 of 1st period - Slapshot by Dan Hamhuis.
16:30 of 1st period - Shot Blocked by Pernell Karl Subban.
16:32 of 1st period - Wrist shot by Evgeni Malkin.
16:32 of 1st period - Stopped by Semyon Varlamov without a rebound.
16:33 of 1st period - Paul Stastny wins face-off versus Evgeni Malkin in Avalanche zone.
16:33 of 1st period - Paul Stastny is hit by Evgeni Malkin.
16:42 of 1st period - Off-side.
16:43 of 1st period - Bryan Little wins face-off versus Evgeni Malkin in neutral zone.
16:48 of 1st period - Wrist shot by Bryan Little.
16:48 of 1st period - Stopped by Ondrej Pavelec with a rebound.
16:50 of 1st period - Minor Penalty to Evgeni Malkin for Tripping.
16:51 of 1st period - Daniel Briere wins face-off versus Bryan Little in Senateurs zone.
17:26 of 1st period - Snap shot by Andrei Kostitsyn.
17:26 of 1st period - Goal by Andrei Kostitsyn - Senateurs : 0 - Avalanche : 1.
17:27 of 1st period - Evgeni Malkin wins face-off versus Bryan Little in neutral zone.
17:38 of 1st period - Slapshot by Evgeni Malkin.
17:38 of 1st period - Shot Misses the Net.
17:40 of 1st period - Slapshot by Evgeni Malkin.
17:40 of 1st period - Stopped by Semyon Varlamov without a rebound.
17:41 of 1st period - Evgeni Malkin wins face-off versus Bryan Little in Avalanche zone.
17:52 of 1st period - Snap shot by Thomas Vanek.
17:52 of 1st period - Stopped by Semyon Varlamov without a rebound.
17:53 of 1st period - Evgeni Malkin wins face-off versus Maxim Talbot in Avalanche zone.
17:56 of 1st period - Wrist shot by Evgeni Malkin.
17:56 of 1st period - Stopped by Semyon Varlamov with a rebound.
18:50 of 1st period - Slapshot by Dan Hamhuis.
18:50 of 1st period - Deflect By Alexander Radulov.
18:50 of 1st period - Stopped by Semyon Varlamov with a rebound.
19:06 of 1st period - Evgeni Malkin is hit by Damien Brunner and loses puck.
19:15 of 1st period - Snap shot by Evgeni Malkin.
19:15 of 1st period - Goal by Evgeni Malkin - Senateurs : 1 - Avalanche : 1.
19:16 of 1st period - Bryan Little wins face-off versus Evgeni Malkin in neutral zone.
19:23 of 1st period - Wrist shot by Mikkel Boedker.
19:23 of 1st period - Stopped by Ondrej Pavelec with a rebound.
19:50 of 1st period - Wrist shot by Chris Kunitz.
19:50 of 1st period - Stopped by Semyon Varlamov without a rebound.
19:51 of 1st period - Evgeni Malkin wins face-off versus Maxim Talbot in Avalanche zone.
19:52 of 1st period - Slapshot by Marian Hossa.
19:52 of 1st period - Stopped by Semyon Varlamov with a rebound.
Goals for this period are 1 for Senateurs vs 1 for Avalanche.
Shots for this period are 11 for Senateurs vs 11 for Avalanche.
2nd period
0:01 of 2nd period - Evgeni Malkin wins face-off versus Bryan Little in neutral zone.
0:04 of 2nd period - Slapshot by Cody Franson.
0:04 of 2nd period - Shot Misses the Net.
0:23 of 2nd period - Minor Penalty to Dan Hamhuis for Hooking.
0:24 of 2nd period - Evgeni Malkin wins face-off versus Bryan Little in Senateurs zone.
1:11 of 2nd period - Pernell Karl Subban is hit by Evgeni Malkin and loses puck.
2:23 of 2nd period - Penalty to Dan Hamhuis is over, Dan Hamhuis is back on ice.
2:28 of 2nd period - Daniel Briere is hit by Patric Hornqvist and loses puck.
2:45 of 2nd period - Snap shot by Daniel Briere.
2:45 of 2nd period - Deflect By Evgeni Malkin.
2:45 of 2nd period - Shot Blocked by Chuck Kobasew.
2:45 of 2nd period - Puck is out of play.
2:46 of 2nd period - Maxim Talbot wins face-off versus Cody Hodgson in Avalanche zone.
3:15 of 2nd period - Slapshot by Karl Alzner.
3:15 of 2nd period - Shot Blocked by Johnny Boychuk.
3:17 of 2nd period - Snap shot by Chris Kunitz.
3:17 of 2nd period - Deflect By Marc-André Bernier.
3:17 of 2nd period - Deflect By Damien Brunner.
3:17 of 2nd period - Shot Misses the Net.
3:17 of 2nd period - Puck is out of play.
3:18 of 2nd period - Kyle Turris wins face-off versus Evgeni Malkin in Avalanche zone.
3:33 of 2nd period - Mattias Ekholm is hit by Thomas Vanek and loses puck.
3:43 of 2nd period - Minor Penalty to Daniel Briere for Hooking.
3:44 of 2nd period - Evgeni Malkin wins face-off versus Bryan Little in Senateurs zone.
4:19 of 2nd period - Alexander Radulov is hit by Karl Alzner and loses puck.
5:43 of 2nd period - Penalty to Daniel Briere is over, Daniel Briere is back on ice.
6:02 of 2nd period - Slapshot by Marc Staal.
6:02 of 2nd period - Stopped by Ondrej Pavelec without a rebound.
6:03 of 2nd period - Maxim Talbot wins face-off versus Cody Hodgson in Senateurs zone.
6:10 of 2nd period - Snap shot by Maxim Talbot.
6:10 of 2nd period - Shot Blocked by Dan Hamhuis.
6:12 of 2nd period - Slapshot by Johnny Boychuk.
6:12 of 2nd period - Shot Blocked by Marian Hossa.
6:14 of 2nd period - Slapshot by Dan Boyle.
6:14 of 2nd period - Shot Blocked by Marian Hossa.
6:24 of 2nd period - Minor Penalty to Thomas Vanek for Holding.
6:25 of 2nd period - Evgeni Malkin wins face-off versus Bryan Little in Senateurs zone.
6:40 of 2nd period - Snap shot by Evgeni Malkin.
6:40 of 2nd period - Shot Misses the Net.
6:47 of 2nd period - Icing by Bryan Little.
6:48 of 2nd period - Bryan Little wins face-off versus Chris Kunitz in Avalanche zone.
6:48 of 2nd period - Bryan Little is hit by Dan Hamhuis.
6:55 of 2nd period - Off-side.
6:56 of 2nd period - Paul Stastny wins face-off versus Evgeni Malkin in neutral zone.
7:06 of 2nd period - Snap shot by Alexander Radulov.
7:06 of 2nd period - Shot Hit the Post.
7:08 of 2nd period - Wrist shot by Paul Stastny.
7:08 of 2nd period - Goal by Paul Stastny - Senateurs : 1 - Avalanche : 2.
7:09 of 2nd period - Evgeni Malkin wins face-off versus Paul Stastny in neutral zone.
8:04 of 2nd period - Snap shot by Evgeni Malkin.
8:04 of 2nd period - Stopped by Semyon Varlamov with a rebound.
8:12 of 2nd period - Wrist shot by Thomas Vanek.
8:12 of 2nd period - Shot Misses the Net.
8:14 of 2nd period - Slapshot by Cody Franson.
8:14 of 2nd period - Shot Misses the Net.
8:16 of 2nd period - Snap shot by Marian Hossa.
8:16 of 2nd period - Shot Misses the Net.
8:18 of 2nd period - Slapshot by Dan Hamhuis.
8:18 of 2nd period - Shot Misses the Net.
8:20 of 2nd period - Snap shot by Evgeni Malkin.
8:20 of 2nd period - Stopped by Semyon Varlamov with a rebound.
8:22 of 2nd period - Snap shot by Thomas Vanek.
8:22 of 2nd period - Shot Misses the Net.
8:38 of 2nd period - Slapshot by Johnny Boychuk.
8:38 of 2nd period - Stopped by Ondrej Pavelec without a rebound.
8:39 of 2nd period - Bryan Little wins face-off versus Daniel Briere in Senateurs zone.
8:48 of 2nd period - Slapshot by Bryan Little.
8:48 of 2nd period - Stopped by Ondrej Pavelec with a rebound.
8:50 of 2nd period - Snap shot by Patric Hornqvist.
8:50 of 2nd period - Shot Blocked by Karl Alzner.
8:52 of 2nd period - Snap shot by Bryan Little.
8:52 of 2nd period - Stopped by Ondrej Pavelec with a rebound.
8:54 of 2nd period - Wrist shot by Jack Johnson.
8:54 of 2nd period - Deflect By Daniel Briere.
8:54 of 2nd period - Stopped by Ondrej Pavelec without a rebound.
8:55 of 2nd period - Marc-André Bernier wins face-off versus Paul Stastny in Senateurs zone.
8:55 of 2nd period - Marc-André Bernier is hit by Jack Johnson.
9:02 of 2nd period - Off-side.
9:03 of 2nd period - Cody Hodgson wins face-off versus Paul Stastny in neutral zone.
9:08 of 2nd period - Wrist shot by Cody Hodgson.
9:08 of 2nd period - Shot Misses the Net.
9:32 of 2nd period - Backhand shot by Patric Hornqvist.
9:32 of 2nd period - Shot Misses the Net.
10:24 of 2nd period - Snap shot by Kyle Turris.
10:24 of 2nd period - Shot Blocked by Carlo Colaiacovo.
10:53 of 2nd period - Icing by Daniel Briere.
10:54 of 2nd period - Paul Stastny wins face-off versus Daniel Briere in Senateurs zone.
10:57 of 2nd period - Snap shot by Alexander Radulov.
10:57 of 2nd period - Stopped by Ondrej Pavelec with a rebound.
10:59 of 2nd period - Snap shot by Alexander Radulov.
10:59 of 2nd period - Deflect By Paul Stastny.
10:59 of 2nd period - Shot Misses the Net.
10:59 of 2nd period - Puck is out of play.
11:00 of 2nd period - Paul Stastny wins face-off versus Daniel Briere in Senateurs zone.
11:23 of 2nd period - Snap shot by Andrei Kostitsyn.
11:23 of 2nd period - Stopped by Ondrej Pavelec without a rebound.
11:24 of 2nd period - Bryan Little wins face-off versus Evgeni Malkin in Senateurs zone.
11:29 of 2nd period - Slapshot by Bryan Little.
11:29 of 2nd period - Stopped by Ondrej Pavelec without a rebound.
11:30 of 2nd period - Bryan Little wins face-off versus Evgeni Malkin in Senateurs zone.
11:31 of 2nd period - Snap shot by Patric Hornqvist.
11:31 of 2nd period - Shot Blocked by Karl Alzner.
12:31 of 2nd period - Wrist shot by Andrei Kostitsyn.
12:31 of 2nd period - Stopped by Ondrej Pavelec with a rebound.
12:33 of 2nd period - Snap shot by Paul Stastny.
12:33 of 2nd period - Shot Hit the Post.
12:35 of 2nd period - Slapshot by Paul Stastny.
12:35 of 2nd period - Shot Misses the Net.
12:50 of 2nd period - Icing by Cody Franson.
12:51 of 2nd period - Bryan Little wins face-off versus Cody Hodgson in Senateurs zone.
12:58 of 2nd period - Snap shot by Bryan Little.
12:58 of 2nd period - Shot Misses the Net.
13:23 of 2nd period - Snap shot by Andrew Ladd.
13:23 of 2nd period - Shot Misses the Net.
13:25 of 2nd period - Snap shot by Pernell Karl Subban.
13:25 of 2nd period - Shot Misses the Net.
13:43 of 2nd period - Wrist shot by Thomas Vanek.
13:43 of 2nd period - Shot Misses the Net.
13:45 of 2nd period - Wrist shot by Thomas Vanek.
13:45 of 2nd period - Stopped by Semyon Varlamov with a rebound.
13:47 of 2nd period - Slapshot by Dan Hamhuis.
13:47 of 2nd period - Deflect By Johnny Boychuk.
13:47 of 2nd period - Stopped by Semyon Varlamov without a rebound.
13:48 of 2nd period - Daniel Briere wins face-off versus Bryan Little in Avalanche zone.
13:56 of 2nd period - Minor Penalty to Johnny Boychuk for High sticking.
13:57 of 2nd period - Andrew Ladd wins face-off versus Evgeni Malkin in Avalanche zone.
14:11 of 2nd period - Snap shot by Jack Johnson.
14:11 of 2nd period - Shot Blocked by Vladimir Mihalik.
14:27 of 2nd period - Slapshot by Vladimir Mihalik.
14:27 of 2nd period - Shot Misses the Net.
14:49 of 2nd period - Thomas Vanek is hit by Maxim Talbot.
15:45 of 2nd period - Karl Alzner is hit by Dan Boyle.
15:56 of 2nd period - Penalty to Johnny Boychuk is over, Johnny Boychuk is back on ice.
16:14 of 2nd period - Snap shot by Johnny Boychuk.
16:14 of 2nd period - Shot Blocked by Marc-André Bernier.
16:32 of 2nd period - Daniel Briere is hit by Patric Hornqvist and loses puck.
16:59 of 2nd period - Chris Kunitz is hit by Alexander Radulov and loses puck.
17:04 of 2nd period - Wrist shot by Alexander Radulov.
17:04 of 2nd period - Stopped by Ondrej Pavelec with a rebound.
17:25 of 2nd period - Marian Hossa is hit by Kyle Turris and loses puck.
19:20 of 2nd period - Brooks Orpik is hit by Kyle Turris and loses puck.
Goals for this period are 0 for Senateurs vs 1 for Avalanche.
Shots for this period are 4 for Senateurs vs 11 for Avalanche.
3rd period
0:01 of 3rd period - Patric Hornqvist wins face-off versus Evgeni Malkin in neutral zone.
0:16 of 3rd period - Snap shot by Bryan Little.
0:16 of 3rd period - Stopped by Ondrej Pavelec without a rebound.
0:17 of 3rd period - Daniel Briere wins face-off versus Paul Stastny in Senateurs zone.
0:17 of 3rd period - Daniel Briere is hit by Andrei Kostitsyn.
0:20 of 3rd period - Minor Penalty to Daniel Briere for Hooking.
0:21 of 3rd period - Evgeni Malkin wins face-off versus Bryan Little in Senateurs zone.
0:21 of 3rd period - Evgeni Malkin is hit by Patric Hornqvist.
2:20 of 3rd period - Penalty to Daniel Briere is over, Daniel Briere is back on ice.
2:43 of 3rd period - Chris Kunitz is hit by Damien Brunner and loses puck.
3:04 of 3rd period - Thomas Vanek is hit by Chuck Kobasew and loses puck.
3:16 of 3rd period - Off-side.
3:17 of 3rd period - Daniel Briere wins face-off versus Damien Brunner in neutral zone.
4:00 of 3rd period - Colby Armstrong is hit by Patric Hornqvist and loses puck.
4:25 of 3rd period - Slapshot by Andrew Ladd.
4:25 of 3rd period - Stopped by Ondrej Pavelec with a rebound.
4:27 of 3rd period - Snap shot by Andrew Ladd.
4:27 of 3rd period - Goal by Andrew Ladd - Senateurs : 1 - Avalanche : 3.
4:28 of 3rd period - Bryan Little wins face-off versus Evgeni Malkin in neutral zone.
4:37 of 3rd period - Snap shot by Thomas Vanek.
4:37 of 3rd period - Stopped by Semyon Varlamov without a rebound.
4:38 of 3rd period - Evgeni Malkin wins face-off versus Bryan Little in Avalanche zone.
5:01 of 3rd period - Slapshot by Mikkel Boedker.
5:01 of 3rd period - Shot Blocked by Vladimir Mihalik.
5:03 of 3rd period - Wrist shot by Bryan Little.
5:03 of 3rd period - Stopped by Ondrej Pavelec without a rebound.
5:04 of 3rd period - Paul Stastny wins face-off versus Sergei Kostitsyn in Senateurs zone.
6:10 of 3rd period - Slapshot by Karl Alzner.
6:10 of 3rd period - Shot Blocked by Jack Johnson.
6:34 of 3rd period - Slapshot by Alexander Radulov.
6:34 of 3rd period - Shot Misses the Net.
6:59 of 3rd period - Wrist shot by Mikkel Boedker.
6:59 of 3rd period - Shot Blocked by Cody Franson.
7:17 of 3rd period - Minor Penalty to Patric Hornqvist for Hooking.
7:18 of 3rd period - Andrew Ladd wins face-off versus Evgeni Malkin in Avalanche zone.
7:49 of 3rd period - Slapshot by Karl Alzner.
7:49 of 3rd period - Shot Hit the Post.
8:03 of 3rd period - Wrist shot by Jack Johnson.
8:03 of 3rd period - Stopped by Ondrej Pavelec without a rebound.
8:04 of 3rd period - Paul Stastny wins face-off versus Evgeni Malkin in Senateurs zone.
8:28 of 3rd period - Maxim Talbot is hit by Daniel Briere and loses puck.
8:54 of 3rd period - Marc Staal is hit by Dan Hamhuis and loses puck.
9:17 of 3rd period - Penalty to Patric Hornqvist is over, Patric Hornqvist is back on ice.
9:32 of 3rd period - Snap shot by Damien Brunner.
9:32 of 3rd period - Shot Blocked by Karl Alzner.
9:50 of 3rd period - Snap shot by Bryan Little.
9:50 of 3rd period - Shot Blocked by Brooks Orpik.
9:56 of 3rd period - Bryan Little is hit by Chris Kunitz and loses puck.
10:32 of 3rd period - Wrist shot by Andrew Ladd.
10:32 of 3rd period - Stopped by Ondrej Pavelec without a rebound.
10:33 of 3rd period - Maxim Talbot wins face-off versus Cody Hodgson in Senateurs zone.
11:22 of 3rd period - Slapshot by Thomas Vanek.
11:22 of 3rd period - Shot Blocked by Marc Staal.
11:24 of 3rd period - Wrist shot by Cody Franson.
11:24 of 3rd period - Shot Blocked by Marc Staal.
11:26 of 3rd period - Slapshot by Cody Franson.
11:26 of 3rd period - Shot Misses the Net.
11:28 of 3rd period - Snap shot by Evgeni Malkin.
11:28 of 3rd period - Stopped by Semyon Varlamov without a rebound.
11:29 of 3rd period - Maxim Talbot wins face-off versus Evgeni Malkin in Avalanche zone.
11:36 of 3rd period - Slapshot by Evgeni Malkin.
11:36 of 3rd period - Goal by Evgeni Malkin - Senateurs : 2 - Avalanche : 3.
11:37 of 3rd period - Evgeni Malkin wins face-off versus Paul Stastny in neutral zone.
11:42 of 3rd period - Wrist shot by Thomas Vanek.
11:42 of 3rd period - Stopped by Semyon Varlamov without a rebound.
11:43 of 3rd period - Paul Stastny wins face-off versus Evgeni Malkin in Avalanche zone.
12:05 of 3rd period - Icing by Andrei Kostitsyn.
12:06 of 3rd period - Daniel Briere wins face-off versus Paul Stastny in Avalanche zone.
12:09 of 3rd period - Snap shot by Daniel Briere.
12:09 of 3rd period - Goal by Daniel Briere - Senateurs : 3 - Avalanche : 3.
12:10 of 3rd period - Bryan Little wins face-off versus Evgeni Malkin in neutral zone.
12:41 of 3rd period - Snap shot by Paul Stastny.
12:41 of 3rd period - Stopped by Ondrej Pavelec with a rebound.
12:59 of 3rd period - Snap shot by Chris Kunitz.
12:59 of 3rd period - Shot Misses the Net.
13:01 of 3rd period - Wrist shot by Chris Kunitz.
13:01 of 3rd period - Shot Misses the Net.
13:03 of 3rd period - Wrist shot by Cody Hodgson.
13:03 of 3rd period - Shot Misses the Net.
13:05 of 3rd period - Slapshot by Karl Alzner.
13:05 of 3rd period - Deflect By Chuck Kobasew.
13:05 of 3rd period - Stopped by Semyon Varlamov without a rebound.
13:06 of 3rd period - Bryan Little wins face-off versus Evgeni Malkin in Avalanche zone.
13:08 of 3rd period - Minor Penalty to Jack Johnson for Goalie Interference.
13:09 of 3rd period - Evgeni Malkin wins face-off versus Andrew Ladd in Avalanche zone.
13:09 of 3rd period - Snap shot by Marian Hossa.
13:09 of 3rd period - Shot Blocked by Andrew Ladd.
13:11 of 3rd period - Slapshot by Cody Franson.
13:11 of 3rd period - Stopped by Semyon Varlamov with a rebound.
13:13 of 3rd period - Wrist shot by Evgeni Malkin.
13:13 of 3rd period - Stopped by Semyon Varlamov without a rebound.
13:14 of 3rd period - Andrew Ladd wins face-off versus Evgeni Malkin in Avalanche zone.
13:14 of 3rd period - Andrew Ladd is hit by Marian Hossa.
13:28 of 3rd period - Wrist shot by Thomas Vanek.
13:28 of 3rd period - Goal by Thomas Vanek - Senateurs : 4 - Avalanche : 3.
13:29 of 3rd period - Patric Hornqvist wins face-off versus Evgeni Malkin in neutral zone.
13:43 of 3rd period - Snap shot by Evgeni Malkin.
13:43 of 3rd period - Shot Misses the Net.
13:45 of 3rd period - Slapshot by Cody Franson.
13:45 of 3rd period - Deflect By Mikkel Boedker.
13:45 of 3rd period - Stopped by Semyon Varlamov with a rebound.
14:04 of 3rd period - Slapshot by Alexander Radulov.
14:04 of 3rd period - Shot Blocked by Karl Alzner.
14:18 of 3rd period - Slapshot by Cody Hodgson.
14:18 of 3rd period - Stopped by Semyon Varlamov without a rebound.
14:19 of 3rd period - Cody Hodgson wins face-off versus Maxim Talbot in Avalanche zone.
14:28 of 3rd period - Snap shot by Marc-André Bernier.
14:28 of 3rd period - Shot Misses the Net.
15:12 of 3rd period - Slapshot by Zach Boychuk.
15:12 of 3rd period - Stopped by Ondrej Pavelec without a rebound.
15:13 of 3rd period - Daniel Briere wins face-off versus Kyle Turris in Senateurs zone.
15:36 of 3rd period - Snap shot by Damien Brunner.
15:36 of 3rd period - Shot Blocked by Evgeni Malkin.
15:38 of 3rd period - Snap shot by Mattias Ekholm.
15:38 of 3rd period - Deflect By Dan Hamhuis.
15:38 of 3rd period - Goal by Mattias Ekholm - Senateurs : 4 - Avalanche : 4.
15:39 of 3rd period - Brandon Dubinsky wins face-off versus Maxim Talbot in neutral zone.
16:30 of 3rd period - Snap shot by Mikkel Boedker.
16:30 of 3rd period - Deflect By Bryan Little.
16:30 of 3rd period - Shot Blocked by Sergei Kostitsyn.
16:30 of 3rd period - Puck is out of play.
16:31 of 3rd period - Bryan Little wins face-off versus Daniel Briere in Senateurs zone.
16:44 of 3rd period - Slapshot by Bryan Little.
16:44 of 3rd period - Shot Misses the Net.
16:46 of 3rd period - Wrist shot by Bryan Little.
16:46 of 3rd period - Goal by Bryan Little - Senateurs : 4 - Avalanche : 5.
16:47 of 3rd period - Maxim Talbot wins face-off versus Brandon Dubinsky in neutral zone.
16:50 of 3rd period - Brandon Dubinsky is hit by Chuck Kobasew and loses puck.
17:37 of 3rd period - Pernell Karl Subban is hit by Vladimir Mihalik and loses puck.
17:52 of 3rd period - Snap shot by Andrew Ladd.
17:52 of 3rd period - Stopped by Ondrej Pavelec with a rebound.
18:43 of 3rd period - Slapshot by Pernell Karl Subban.
18:43 of 3rd period - Shot Misses the Net.
18:59 of 3rd period - Senateurs, Ondrej Pavelec is pulled from the net.
19:01 of 3rd period - Snap shot by Evgeni Malkin.
19:01 of 3rd period - Shot Misses the Net.
19:23 of 3rd period - Slapshot by Thomas Vanek.
19:23 of 3rd period - Stopped by Semyon Varlamov without a rebound.
19:24 of 3rd period - Bob Hartley call a timeout for Senateurs.
19:24 of 3rd period - Bryan Little wins face-off versus Chris Kunitz in Avalanche zone.
19:41 of 3rd period - Wrist shot by Patric Hornqvist.
19:41 of 3rd period - Goal by Patric Hornqvist - Senateurs : 4 - Avalanche : 6.
19:41 of 3rd period - Ondrej Pavelec from Senateurs was sent back in the game.
19:42 of 3rd period - Marian Hossa wins face-off versus Damien Brunner in neutral zone.
Goals for this period are 3 for Senateurs vs 4 for Avalanche.
Shots for this period are 12 for Senateurs vs 12 for Avalanche.
Back to the Top